Workbook
Name ___INDEX_SHEET___ASAP_Utilities: #REF!
Name Contents: #REF!

Sheet BS & PL
A2: PART I — BALANCE SHEET | H2: CIN: | K2: XXXXXXXXXXXXXXXXX
A3: XXXXXXXXXXXXXXXXXXPrivate Limited
A4: Balance Sheet as at 31.03.2022
A5: (in `)
A7: Particulars | F7: Note No. | H7: Figures as at the end of current reporting period on 31.03.2022 | K7: Figures as at the end of previous reporting period on 31.03.2021
A10: 1 | F10: 2 | H10: 3 | K10: 4
A12: I. EQUITY AND LIABILITIES
A13: (1) Shareholders’ funds
A14: (a) Share capital | G14: 2 | H14: =+'1-2'!H16 -> 100000 | K14: =+'1-2'!I16 -> 100000
A15: (b) Reserves and surplus | G15: 3 | H15: =+'1-2'!H108 -> -3546 | K15: =+'1-2'!I108 -> -4192
A16: (c) Money received against share warrants | G16: 4 | H16: ='1-2'!H114 -> 0 | K16: ='1-2'!I114 -> 0
H17: =H14+H15 -> 96454 | K17: =K14+K15 -> 95808
A18: (2) Share application money pending allotment | G18: 5 | H18: ='1-2'!H120 -> 0 | K18: ='1-2'!I120 -> 0
A20: (3) Non-current liabilities
A21: (a) Long-term borrowings | G21: 6 | H21: =+'1-2'!H135 -> 0 | K21: =+'1-2'!I135 -> 0
A22: (b) Deferred tax liabilities (Net) | G22: 7 | H22: ='1-2'!H144 -> 0 | K22: ='1-2'!I144 -> 0
A23: (c) Other Long term liabilities | G23: 8 | H23: ='1-2'!H151 -> 0 | K23: ='1-2'!I151 -> 0
A24: (d) Long-term provisions | G24: 9 | H24: ='1-2'!H159 -> 0 | K24: ='1-2'!I159 -> 0
H25: =SUM(H21:J24) -> 0 | K25: =SUM(K21:K24) -> 0
A26: (4) Current liabilities
A27: (a) Short-term borrowings | G27: 10 | H27: =+'1-2'!H170 -> 0 | K27: =+'1-2'!I170 -> 0
A28: (b) Trade payables | G28: 11
A29: (A) Micro enterprises and small enterprises | H29: ='1-2'!H175 -> 0 | K29: ='1-2'!I175 -> 0
A30: (B) Others | H30: ='1-2'!H179-'1-2'!H175 -> 0 | K30: ='1-2'!I179-'1-2'!I175 -> 0
A31: (c) Other current liabilities | G31: 12 | H31: =+'1-2'!H195 -> 0 | K31: =+'1-2'!I195 -> 0
A32: (d) Short-term provisions | G32: 13 | H32: =+'1-2'!H208 -> 0 | K32: =+'1-2'!I208 -> 0
H33: =SUM(H27:J32) -> 0 | K33: =SUM(K27:K32) -> 0
A34: TOTAL | H34: =H17+H18+H25+H33 -> 96454 | K34: =K17+K18+K25+K33 -> 95808 | M34: =+H34-H57 -> 96454 | N34: =+K34-K57 -> 95808
A36: II. ASSETS
A37: Non-current assets
A38: (1) (a) Fixed assets
A39: (i) Property, Plant and Equipment | G39: 14 | H39: ='1-2'!I227-'1-2'!H227 -> 0 | K39: ='1-2'!I228-'1-2'!H228 -> 0
A40: (ii) Intangible assets | G40: 14 | H40: ='1-2'!H227 -> 0 | K40: ='1-2'!H228 -> 0
A41: (iii) Capital work-in-progress | G41: 15 | H41: ='1-2'!H241 -> 0 | K41: ='1-2'!I241 -> 0
A42: (iv) Intangible assets under
A43: development | G43: 16 | H43: =+'1-2'!H250 -> 0 | K43: =+'1-2'!I250 -> 0
A44: (b) Non-current investments | G44: 17 | H44: ='1-2'!H263 -> 0 | K44: ='1-2'!I263 -> 0
A45: (c) Deferred tax assets (net) | G45: 18 | H45: ='1-2'!H271 -> 0 | K45: ='1-2'!I271 -> 0
A46: (d) Long-term loans and advances | G46: 19 | H46: ='1-2'!H280 -> 0 | K46: ='1-2'!I280 -> 0
A47: (e) Other non-current assets | G47: 20 | H47: ='1-2'!H287 -> 0 | K47: ='1-2'!I287 -> 0
H48: =SUM(H39:J47) -> 0 | K48: =SUM(K39:K47) -> 0
A49: (2) Current assets
A50: (a) Current investments | G50: 21 | H50: ='1-2'!H299 -> 0 | K50: ='1-2'!I299 -> 0
A51: (b) Inventories | G51: 22 | H51: ='1-2'!H312 -> 0 | K51: ='1-2'!I312 -> 0
A52: (c) Trade receivables | G52: 23 | H52: ='1-2'!H319 -> 0 | K52: ='1-2'!I319 -> 0
A53: (d) Cash and cash equivalents | G53: 24 | H53: =+'1-2'!H328 -> 0 | K53: =+'1-2'!I328 -> 0
A54: (e) Short-term loans and advances | G54: 25 | H54: =+'1-2'!H340 -> 0 | K54: =+'1-2'!I340 -> 0
A55: (f) Other current assets | G55: 26 | H55: =+'1-2'!H346 -> 0 | K55: =+'1-2'!I346 -> 0
H56: =SUM(H50:J55) -> 0 | K56: =SUM(K50:K55) -> 0
A57: TOTAL | H57: =H48+H56 -> 0 | K57: =K48+K56 -> 0 | L57: =+H57-H34 -> -96454 | M57: =+I57-I34 -> 0
A59: The Notes referred to above are an integral part of the financial statements.
A60: As per our report of even date, | H60: For and on behalf of the Board,
A61: For XXXXXXXXXXXXX ASSOCIATES | H61: M/s XXXXXXXXXXXXXXXs Pvt. Ltd.
A62: Chartered Accountants
H66: X | K66: X
A67: Partner | H67: Managing Director | K67: Director
A68: Membership No. | H68: DIN No.: 06838867 | I68: X | K68: DIN No.: X
A69: Firm Reg. No.:-
A70: Place : Kanpur
A71: Date : 26/08/2022
A73: PART II – STATEMENT OF PROFIT AND LOSS | J73: CIN: | K73: XXXXXX
A74: =A3 -> XXXXXXXXXXXXXXXXXXPrivate Limited
A75: Profit and loss statement for the year ended 31.03.2022
A76: (in `)
B78: Particulars | F78: Note No. | H78: =+H7 -> Figures as at the end of current reporting period on 31.03.2022 | K78: =+K7 -> Figures as at the end of previous reporting period on 31.03.2021
B80: 1 | F80: 2 | H80: 3 | K80: 4
A81: I | B81: Revenue from operations | F81: 27 | H81: =+'1-2'!H354 -> 0 | K81: =+'1-2'!I354 -> 0
B82: Less: Excise Duty | H82: 0 | K82: 0
B83: Net Sales | H83: =H81+H82 -> 0 | K83: =K81+K82 -> 0
A84: II | B84: Other income | F84: 28 | H84: ='1-2'!H363 -> 0 | K84: =+'1-2'!I363 -> 0
A85: III | B85: Total Income (I + II) | H85: =H83+H84 -> 0 | K85: =K83+K84 -> 0
A87: IV | B87: Expenses:
B88: Cost of materials consumed | F88: 29 | H88: =+'1-2'!H373 -> 0 | K88: =+'1-2'!I373 -> 0
B89: Purchases of Stock-in-Trade | F89: 30 | H89: =+'1-2'!H379 -> 0 | K89: =+'1-2'!I379 -> 2000
B90: Changes in inventories | H90: 0 | K90: 0
B91: Employee benefit expenses | F91: 31 | H91: =+'1-2'!H391 -> 0 | K91: =+'1-2'!I391 -> 0
B92: Finance costs | F92: 32 | H92: ='1-2'!H398 -> 0 | K92: =+'1-2'!I398 -> 0
B93: Depreciation and amortization expenses | H93: =+'1-2'!I222 -> 0 | K93: 706
B94: Other expenses | F94: 33 | H94: =+'1-2'!H414 -> 0 | K94: =+'1-2'!I414 -> 0
B95: Total expenses | H95: =SUM(H88:J94) -> 0 | K95: =SUM(K88:K94) -> 2706
A97: V | B97: Profit before exceptional, extraordinary and prior period items and tax (III - IV)
H98: =H85-H95 -> 0 | K98: =+K85-K95 -> -2706
A100: VI | B100: Exceptional items | H100: 0 | K100: 0
A102: VII | B102: Profit before extraordinary and prior period items and tax (V - VI) | H102: =H98-H100 -> 0 | K102: =+K98-K100 -> -2706
A105: VIII | B105: Extraordinary items | H105: 0 | K105: 0
A106: IX | B106: Prior period items | H106: 0 | K106: 0
A108: X | B108: Profit before tax (VII - VIII - IX) | H108: =H102-H105-H106 -> 0 | K108: =+K102-K105-K106 -> -2706
A110: XI | B110: Tax expenses:
B111: (1) Current tax | H111: =ROUND(H108*0.15*1.04,0) -> 0 | K111: 1486
B112: (2) Deferred tax | H112: 0 | K112: 0
B113: (3) Excess/short provision relating earlier year tax | H113: =840-K111 -> -646 | K113: 0
A115: XII | B115: Profit/(loss) for the period from continuing operations (X-XI) | H115: =H108-H112-H111-H113 -> 646 | K115: =+K108-K111-K112-K113 -> -4192
A117: XIII | B117: Profit/(loss) from discontinuing operations | H117: 0 | K117: 0
A119: XIV | B119: Tax expense of discontinuing operations | H119: 0 | K119: 0
A121: XV | B121: Profit/(loss) from Discontinuing operations (after tax) (XIII-XIV)
H122: =H117-H119 -> 0 | K122: =K117-K119 -> 0
A124: XVI | B124: Profit (Loss) for the period (XI + XIV) | H124: =H115+H122 -> 646 | K124: =+K115+K122 -> -4192
A126: XVII | B126: Earnings per equity share: | F126: 34
B127: (1) Basic
B128: Before Extraordinary Items | H128: ='1-2'!F422 -> 0.0646 | K128: ='1-2'!G422 -> -0.4192
...

Sheet 1-2
A1: ='BS & PL'!A3 -> XXXXXXXXXXXXXXXXXXPrivate Limited
A2: Notes on Accounts for the year ended 31/03/2017
A3: The previous year figures have been regrouped / reclassified, wherever necessary to confirm to the current year presentation.
A5: Note No-2 Share Capital
H6: Amount in (Rs.) as at 31/03/2022 | I6: Amount in (Rs.) as at 31/03/2021
A7: Authorized Capital
A8: 10,000 (31/03/2021:10000) Equity Shares of Rs.10/- par value | H8: 100000 | I8: 100000
A10: Total | H10: =+SUM(H8:H9) -> 100000 | I10: =+SUM(I8:I9) -> 100000
H12: =+$H$6 -> Amount in (Rs.) as at 31/03/2022 | I12: =+$I$6 -> Amount in (Rs.) as at 31/03/2021
A13: Issued, Subscribed & paid Up Capital
A14: 10,000 (31/03/2021:10000) Equity Shares of Rs.10/- par value, fully paid up | H14: 100000 | I14: 100000
A15: [Out of above --- Equity Shares of Rs.10/- each fully paid up were issued in the year 2014 for consideration other than cash]
A16: TOTAL | H16: =+SUM(H13:H15) -> 100000 | I16: =+SUM(I13:I15) -> 100000
A18: Reconciliation of the Shares outstanding at the beginning and at the end of the reporting period
F19: 44651 | H19: 44286
A20: Equity Shares | F20: No. Of Shares | G20: Amount | H20: No. Of Shares | I20: Amount
A22: At the beginning of the period | F22: 10000 | G22: 100000 | H22: 10000 | I22: 100000
A23: Issued during the Period | F23: - | G23: - | H23: - | I23: -
A24: Redeemed or bought back during the period | F24: - | G24: - | H24: - | I24: -
A25: Outstanding at end of the period Outstanding at end of the period | F25: 10000 | G25: 100000 | H25: 10000 | I25: 100000
A27: Right, Preferences and Restriction attached to shares
A28: Equity shares
A29: The company has only one class of Equity having a par value Rs. 10.00 per share. Each shareholder is eligible for one vote per share held.
A30: The dividend proposed by the board of directors is subject to the approval of the shareholders in ensuing Annual General Meeting, except in
A31: case of interim dividend. In the event of liquidation, the Equity shareholders are eligible to receive the remaining assets of the company after
A32: distribution of all preferential amounts, in proportion to their shareholding.
A34: Disclosures of Shareholders holding more than 5% shares in the Company
F35: 44651 | H35: 44286
A36: Type of Share | B36: Name of Shareholders | F36: % of Shares | G36: No. Of Shares | H36: % of Shares | I36: No. Of Shares
A38: Equity [NV: 10.00 ] | B38: VEENA OMAR | F38: 35 | G38: 3500 | H38: 35 | I38: 3500
A39: Equity [NV: 10.00 ] | B39: ANKIT OMAR | F39: 35 | G39: 3500 | H39: 35 | I39: 3500
A40: Equity [NV: 10.00 ] | B40: ANIL KUMAR OMAR | F40: 10 | G40: 1000 | H40: 10 | I40: 1000
A41: Equity [NV: 10.00 ] | B41: ANSHUL OMAR | F41: 10 | G41: 1000 | H41: 10 | I41: 1000
A42: Equity [NV: 10.00 ] | B42: NAINA OMAR | F42: 10 | G42: 1000 | H42: 10 | I42: 1000
B43: Total: | F43: 100 | G43: 10000 | H43: 100 | I43: 10000
A45: Disclosure of Shares held by the promoter at the end of the year
A46: Type of Share | B46: Name of Shareholders | F46: % of Shares | G46: No. Of Shares | H46: % of Shares | I46: No. Of Shares
A48: Equity [NV: 10.00 ] | B48: VEENA OMAR | F48: 35 | G48: 3500 | H48: 35 | I48: 3500
A49: Equity [NV: 10.00 ] | B49: ANKIT OMAR | F49: 35 | G49: 3500 | H49: 35 | I49: 3500
A50: Equity [NV: 10.00 ] | B50: ANIL KUMAR OMAR | F50: 10 | G50: 1000 | H50: 10 | I50: 1000
A51: Equity [NV: 10.00 ] | B51: ANSHUL OMAR | F51: 10 | G51: 1000 | H51: 10 | I51: 1000
A52: Equity [NV: 10.00 ] | B52: NAINA OMAR | F52: 10 | G52: 1000 | H52: 10 | I52: 1000
B53: Total: | F53: 100 | G53: 10000 | H53: 100 | I53: 10000
A56: Note No-3 Reserves & Surplus
H57: =+$H$6 -> Amount in (Rs.) as at 31/03/2022 | I57: =+$I$6 -> Amount in (Rs.) as at 31/03/2021
A59: (a) Capital Reserve[A]
A60: Opening Balance | H60: 0 | I60: 0
A61: Add: Transferred during the year | H61: 0 | I61: 0
A63: Less: Utilized during the year | H63: 0 | I63: 0
H64: 0 | I64: 0
A65: (b) Capital Redemption Reserve [B]
A66: Opening Balance | H66: 0 | I66: 0
A67: Add: Transferred during the year | H67: 0 | I67: 0
A69: Less: Utilized during the year | H69: 0 | I69: 0
H70: 0 | I70: 0
A71: (c) Securities Premium Account [C]
A72: Opening Balance | H72: 0 | I72: 0
A73: Add: Transferred during the year | H73: 0 | I73: 0
A75: Less: Utilization during the year | H75: 0 | I75: 0
A76: Closing Balance [C] | H76: 0 | I76: 0
A78: (d) Debenture Redemption Reserve [D]
A79: Opening Balance | H79: 0 | I79: 0
A80: Add: Transferred during the year | H80: 0 | I80: 0
A82: Less: Utilized during the year | H82: 0 | I82: 0
H83: 0 | I83: 0
A84: (e) Revaluation Reserve [E]
A85: Opening Balance | H85: 0 | I85: 0
A86: Add: Transferred during the year | H86: 0 | I86: 0
H87: 0 | I87: 0
A88: Less: Utilized during the year | H88: 0 | I88: 0
A89: (f) Share Options Outstanding Accounts [F]
A90: Opening Balance | H90: 0 | I90: 0
A91: Add: Transferred during the year | H91: 0 | I91: 0
A93: Less: Utilized during the year | H93: 0 | I93: 0
A95: (g) Other Reserves(specify nature) [G]
A96: Opening Balance | H96: 0 | I96: 0
A97: Add: Transferred during the year | H97: 0 | I97: 0
A99: Less: Utilized during the year | H99: 0 | I99: 0
H100: 0 | I100: 0
A101: (h) Surplus in Profit & Loss Statement [H]
A102: Opening Balance | H102: =+I108 -> -4192 | I102: 0
A103: Add: Profit after tax/Loss transferred from Statement of Profit & Loss | H103: ='BS & PL'!H124:J124 -> 646 | I103: ='BS & PL'!K115 -> -4192
H104: =+H103+H102 -> -3546 | I104: =+I103+I102 -> -4192
A105: Less: Deletion during the year | H105: 0 | I105: 0
H106: =+H105+H104 -> -3546 | I106: =+I105+I104 -> -4192
A108: TOTAL[A+B+C+D+E+F+G+H] | H108: =H106 -> -3546 | I108: =I106 -> -4192
A110: Note No-4 Money Received against Share Warrants
H111: =+$H$6 -> Amount in (Rs.) as at 31/03/2022 | I111: =+$I$6 -> Amount in (Rs.) as at 31/03/2021
A112: Money received against Share Warrants | H112: 0 | I112: 0
A114: TOTAL | H114: =+SUM(H112:H113) -> 0 | I114: =+SUM(I112:I113) -> 0
A116: Note No-5 Share Application Money pending Allotment
H117: =+$H$6 -> Amount in (Rs.) as at 31/03/2022 | I117: =+$I$6 -> Amount in (Rs.) as at 31/03/2021
A118: Share Application Money pending Allotment | H118: 0 | I118: 0
A120: TOTAL | H120: =+SUM(H117:H119) -> 0 | I120: =+SUM(I117:I119) -> 0
A122: Note No-6 Long Term Borrowings
H123: =+$H$6 -> Amount in (Rs.) as at 31/03/2022 | I123: =+$I$6 -> Amount in (Rs.) as at 31/03/2021
A125: (a) Bonds/ Debentures | H125: 0 | I125: 0
A126: (b) Term Loans | H126: 0 | I126: 0
A127: From Banks | H127: 0 | I127: 0
A128: From Others | H128: 0 | I128: 0
...

Sheet add. info (2)
B1: =+'BS & PL'!A3 -> XXXXXXXXXXXXXXXXXXPrivate Limited
B2: =[1]ADD.INF.!A4 -> Notes forming part of the financial statements
B4: Note 42 Additional information to the financial statements
B5: 26.12 Accounting Ratios
B6: Sr. No. | C6: Ratio | D6: Meaurement | E6: Numerator | F6: Denominator | G6: =[1]BS!F6 -> As at 31 March, 2022 | H6: =[1]BS!G6 -> As at 31 March, 2021 | I6: % variance | J6: reason for variance in excess of 25%
B7: A | C7: Current Ratio | D7: in Times | E7: Current Assets | F7: Current Liabilities | G7: =M21/M22 -> #DIV/0! | H7: =N21/N22 -> #DIV/0! | I7: =IFERROR((G7-H7)/H7,"") | J7: Increased due to Sales realised and Bank balance increased
B8: B | C8: Debt Equity Ratio | D8: in Times | E8: Total Debt | F8: Total Equity | G8: =M23/M24 -> 0 | H8: =N23/N24 -> 0 | I8: =IFERROR((G8-H8)/H8,"") | J8: NA
B9: C | C9: Debt Service Coverage Ratio | D9: in Times | E9: Profit Before Exceptional Items & Tax + Interest Expense + Depreciation & amortisation- Current Tax Expense | F9: Interest Expense+ scheduled principal repayment of long term debt and lease liability during the period | G9: =IFERROR(M25/(M26+M23),"") | H9: =IFERROR(N25/(N26+N23),"") | I9: =IFERROR((G9-H9)/H9,"") | J9: NA
B10: D | C10: Return On Equity (ROE) | D10: in Percentage | E10: Net Profits after taxes (including continuing and discontinuing operations)- Interest on Perpetual Securities | F10: Average Shareholders' Equity | G10: =M27/M24 -> 0.0066974931 | H10: =N27/N24 -> -0.043754175 | I10: =IFERROR((G10-H10)/H10,"") -> -1.1530709 | J10: Increased Due to Increased sales and Revenue
B11: E | C11: Inventory Turnover Ratio | D11: in Times | E11: Cost of Goods Sold | F11: Average Inventories | G11: =IFERROR(M28/M31,"") | H11: =IFERROR(N28/N31,"") | I11: =IFERROR((G11-H11)/H11,"") | J11: NA
B12: F | C12: Trade Receivable Turnover Ratio | D12: in Times | E12: Net Sales | F12: Average Trade Receivables | G12: =IFERROR(M32/M35,"") | H12: =IFERROR(N32/N35,"") | I12: =IFERROR((G12-H12)/H12,"") | J12: NA
B13: G | C13: Trade Payable Turnover Ratio | D13: in Times | E13: Cost of Goods Sold | F13: Average Trade Payables | G13: =IFERROR(M28/M38,"") | H13: =IFERROR(N28/N38,"") | I13: =IFERROR((G13-H13)/H13,"") | J13: NA
B14: H | C14: Net Capital Turnover Ratio | D14: in Times | E14: Net Sales | F14: Working Capital | G14: =M32/(M21-M22) -> #DIV/0! | H14: =N32/(N21-N22) -> #DIV/0! | I14: =IFERROR((G14-H14)/H14,"") | J14: Increased Due to Increased sales and Revenue
B15: I | C15: Net Profit Ratio (including exceptional items) | D15: in Percentage | E15: Net Profits after taxes (including exceptional items) | F15: Net Sales | G15: =M27/M32 -> #DIV/0! | H15: =N27/N32 -> #DIV/0! | I15: =IFERROR((G15-H15)/H15,"") | J15: Decrease Due to Indirect expenses increased during the year
B16: J | C16: Net Profit Ratio (excluding exceptional items) | D16: in Percentage | E16: Net Profits after taxes (excluding exceptional items) | F16: Net Sales | G16: =(M27+'BS & PL'!H105)/M32 -> #DIV/0! | H16: =(N27+'BS & PL'!I105)/N32 -> #DIV/0! | I16: =IFERROR((G16-H16)/H16,"") | J16: Decrease Due to Indirect expenses increased during the year
B17: K | C17: Return on Capital Employed | D17: in Percentage | E17: Earning Before Interest and Taxes | F17: Capital Employed | G17: =(M39/(M40-M22)) -> 0 | H17: =(N39/(N40-N22)) -> -0.035612892 | I17: =IFERROR((G17-H17)/H17,"") -> -1 | J17: Increased Due to Increased sales and Revenue
B18: L | C18: Return on Investment | D18: in Percentage | E18: Income Generated from Investments | F18: Average Investments | G18: =IFERROR(M42/M43,"") | H18: =IFERROR(N42/N43,"") | I18: =IFERROR((G18-H18)/H18,"")
J20: where,
J21: a | K21: Current Assets | M21: =+'BS & PL'!H56 -> 0 | N21: =+'BS & PL'!K56 -> 0
J22: b | K22: Current Liabilties | M22: =+'BS & PL'!H33 -> 0 | N22: =+'BS & PL'!K33 -> 0 | P22: =M21-M22 -> 0 | Q22: =N21-N22 -> 0
J23: c | K23: Debt
J24: d | K24: Shareholders' Fund | M24: =+'BS & PL'!H17 -> 96454 | N24: =+'BS & PL'!K17 -> 95808
J25: e | K25: EBITDA | M25: =+'BS & PL'!H98 -> 0 | N25: =+'BS & PL'!K102 -> -2706
J26: f | K26: Interest
J27: g | K27: Net Profit after tax | M27: =+'BS & PL'!H115 -> 646 | N27: =+'BS & PL'!K115 -> -4192
J28: h | K28: Cost of Goods Sold
J29: i | K29: Inventory at the end
J30: j | K30: Inventory at the beginning
J31: i | K31: Average Inventory | M31: =(M29+M30)/2 -> 0 | N31: =(N29+N30)/2 -> 0
J32: j | K32: Gross Sales | M32: =+'BS & PL'!H85 -> 0 | N32: =+'BS & PL'!K85 -> 0
J33: m | K33: Trade Receivables at the end
J34: n | K34: Trade Receivables at the begin
J35: k | K35: Average Trade Receivables | M35: =(M33+M34)/2 -> 0 | N35: =(N33+N34)/2 -> 0
J36: p | K36: Trade Payables at the end
J37: q | K37: Trade Payables at the begin
J38: l | K38: Average Trade Payables | M38: =(M36+M37)/2 -> 0 | N38: =(N36+N37)/2 -> 0
J39: m | K39: EBIT | M39: =+M25-'BS & PL'!H93 -> 0 | N39: =+N25-'BS & PL'!K93 -> -3412
J40: n | K40: Capital Employed | M40: =+'BS & PL'!H17 -> 96454 | N40: =+'BS & PL'!K17 -> 95808
J41: o | K41: Share capital | M41: =+'BS & PL'!H14 -> 100000 | N41: =+'BS & PL'!K14 -> 100000
J42: p | K42: Interest Income
J43: q | K43: average Investments
